 Dungeon Crawl Stone Soup version 0.19-a0-678-ge7aab0b (webtiles) character file.

5546 pisswolf the Basher (level 10, 0/67 HPs)
             Began as a Demonspawn Gladiator on June 16, 2016.
             Was a Priest of Hepliaklqana.
             Slain by a hill giant
             ... wielding a cursed +0 giant spiked club
              (9 damage)
             ... on level 10 of the Dungeon.
             The game lasted 00:24:55 (9660 turns).

pisswolf the Basher (Demonspawn Gladiator)          Turns: 9660, Time: 00:24:56

Health: 0/67       AC: 32    Str: 16    XL:     10   Next: 44%
Magic:  10/10      EV:  8    Int: 11    God:    Hepliaklqana [***...]
Gold:   603        SH:  0    Dex: 22    Spells: 0 memorised, 9 levels left

rFire  . . .     SeeInvis +     a - +1 flail (protect)
rCold  . . .     Gourm    .     g - +0 chain mail
rNeg   + . .     Faith    .     (no shield)
rPois  +         Spirit   .     c - +0 helmet
rElec  +         Dismiss  +     D - +2 cloak {MR+}
rCorr  .         Reflect  .     k - +0 pair of gloves
SustAt .         Harm     .     b - +1 pair of boots
MR     +....     Rnd*Rage +     h - amulet of dismissal
Stlth  ..........               G - ring of Zeust {rElec rPois}
                                m - ring of positive energy

@: agile, exhausted, sanguine armour, slowed, very slow, somewhat resistant to
hostile enchantments, extremely unstealthy
A: hooves 2, see invisible, berserk 1, clever 1, powered by pain 1, sanguine
armour 3
a: Recall Ancestor, Ancestor Identity, Transference, Renounce Religion


You were on level 10 of the Dungeon.
You worshipped Hepliaklqana.
Hepliaklqana was most pleased with you.
You were not hungry.

You visited 1 branch of the dungeon, and saw 10 of its levels.
You also visited: Ossuary.

You collected 783 gold pieces.
You spent 180 gold pieces at shops.

Inventory:

Hand Weapons
 a - a +1 flail of protection (weapon)
Missiles
 d - 3 throwing nets (quivered)
 e - 3 tomahawks
Armour
 b - a +1 pair of boots (worn)
 c - a +0 helmet (worn)
 g - a +0 chain mail (worn)
 k - a +0 pair of gloves (worn)
 D - a +2 cloak of magic resistance (worn)
Jewellery
 h - an amulet of dismissal (around neck)
 m - a ring of positive energy (left hand)
 v - an uncursed ring of stealth
 y - an uncursed ring of fire
 G - the ring of Zeust (right hand) {rElec rPois}
   (You found it on level 9 of the Dungeon)

   [ring of poison resistance]

   It insulates you from electricity.
   It protects you from poison.
Wands
 j - a wand of paralysis (13/24)
 p - a wand of disintegration (23/24)
Scrolls
 i - 3 scrolls of remove curse
 s - 2 scrolls of teleportation
 E - 2 scrolls of enchant armour
 F - a scroll of identify
Potions
 f - 4 potions of lignification
 l - a potion of flight
 z - 2 potions of brilliance
 A - a potion of invisibility
 H - a potion of resistance
 I - a potion of might
Books
 w - a book of Battle

   Spells                             Type                      Level
   a - Infusion                       Charms                       1
   b - Shroud of Golubria             Charms/Translocation         2
   c - Song of Slaying                Charms                       2
   d - Spectral Weapon                Hexes/Charms                 3
   e - Regeneration                   Charms/Necromancy            3
 C - a book of Debilitation

   Spells                             Type                      Level
   a - Corona                         Hexes                        1
   b - Slow                           Hexes                        2
   c - Gell's Gravitas                Hexes/Translocation          3
   d - Inner Flame                    Hexes/Fire                   3
   e - Cause Fear                     Hexes                        4
   f - Leda's Liquefaction            Hexes/Earth                  4
Comestibles
 n - 3 bread rations
 o - 7 meat rations
 q - 6 fruits
 u - a slice of pizza
 x - 9 royal jellies
 B - 3 beef jerkies


   Skills:
 - Level 2.0 Fighting
 + Level 14.0 Maces & Flails
 - Level 1.7 Throwing
 - Level 2.6 Dodging


You had 9 spell levels left.
You didn't know any spells.

Dungeon Overview and Level Annotations

Branches:
Dungeon (10/15)            Temple (0/1) D:7
   Lair: D:8-11         Orc: D:9-12

Altars:
Ashenzari
Elyvilon
Fedhas
Gozag
Hepliaklqana
Makhleb
Nemelex Xobeh
Okawaru
Trog

Shops:
D:6 !

Annotations:
D:3 pisswolf's ghost, amateur MiGl
D:10 Fannar


Innate Abilities, Weirdness & Mutations

You have hoof-like feet.
You sometimes gain a little power by taking damage.
When seriously injured, your bleeding wounds create very thick armour. (AC +12)
You have supernaturally acute eyesight. (SInv)
You tend to lose your temper in combat.
Your mind is acute. (Int +2)


Message History

You bludgeon the wraith!!
You destroy the wraith!
Your Maces & Flails skill increases to level 14!
You feel a strong urge to attack something.
You hear the quick creaking of a very distant portcullis.
You are no longer berserk.
You are exhausted.
You feel as though you will be slow longer.
You start resting.
Magic restored.
You start resting.
Okay, then.
The hill giant hits you with a giant spiked club!
* * * LOW HITPOINT WARNING * * *
You focus on the pain.
You feel agile all of a sudden.
Things that are here:
a giant club x2
There is a stone staircase leading up, spattered with blood here.
The hill giant hits you with a giant spiked club!
You die...

#..#########.
.####.#...#......
.................
.#
.................
##
..............##.#
#
..................
#
..............#.##
#
..........C.......
.........@.....##
.............###
....#......##
#########... ..##
... ..>. ....


You could see a hill giant.

Vanquished Creatures
  Erica (D:8)
  A two-headed ogre (D:10)
  A wraith (D:10)
  A soldier ant (D:8)
  3 wasps (D:8)
  A sky beast (D:9)
  5 phantoms
  An orc warrior (D:6)
  2 ice beasts
  A necrophage (D:8)
  An ogre (D:7)
  5 centaurs
  Blork the orc (D:5)
  3 giant frogs
  A gnoll sergeant (D:9)
  2 scorpions (D:9)
  2 water moccasin skeletons
  5 killer bees (D:8)
  4 howler monkeys
  2 crimson imps
  A giant frog zombie (D:6)
  A jelly (D:6)
  3 orc priests
  4 hounds
  An iguana (D:7)
  2 orc wizards
  8 worker ants
  3 hound skeletons
  8 mummies (Ossuary)
  4 gnolls (D:9)
  A hexer (D:6)
  7 adders
  A shadow imp (D:10)
  An adder zombie (D:5)
  2 adder skeletons
  5 worms
  A dart slug (D:1)
  4 giant geckos
  20 orcs
  2 giant cockroaches
  2 gnoll zombies (Ossuary)
  10 goblins
  5 hobgoblins
  5 jackals
  6 kobolds
  3 quokkas
  A ball python (D:2)
  2 bats (D:1)
  2 giant newts
  A kobold zombie (Ossuary)
  3 orc zombies (Ossuary)
  2 rats
  A fungus (D:8)
165 creatures vanquished.

Vanquished Creatures (collateral kills)
  Maurice (D:8)
  An orc warrior (D:6)
  A sky beast (D:6)
  A phantom (D:8)
  2 ogres (D:6)
  2 scorpions
  A howler monkey (D:7)
  An iguana (D:6)
  A hound zombie (D:8)
  A howler monkey skeleton (D:9)
  An adder skeleton (D:4)
  2 orcs (D:5)
  2 goblins (D:8)
  2 jackals (D:8)
  A quokka (D:5)
  A gnoll zombie (Ossuary)
  An orc zombie (Ossuary)
22 creatures vanquished.

Vanquished Creatures (others)
  2 hexers
  3 ancestors
  A fungus (D:8)
  A plant (D:8)
7 creatures vanquished.

Grand Total: 194 creatures vanquished

Notes
Turn   | Place    | Note
--------------------------------------------------------------
     0 | D:1      | pisswolf the Demonspawn Gladiator began the quest for the Orb.
     0 | D:1      | Reached XP level 1. HP: 16/16 MP: 1/1
   143 | D:1      | Reached skill level 3 in Maces & Flails
   410 | D:1      | Gained mutation: When seriously injured, your bleeding wounds create armour. (AC +12) [demonic ancestry]
   410 | D:1      | Reached XP level 2. HP: 22/22 MP: 2/2
  1360 | D:2      | Gained mutation: You have large cloven feet. [demonic ancestry]
  1360 | D:2      | Reached XP level 3. HP: 24/27 MP: 3/3
  1655 | D:2      | Reached skill level 4 in Maces & Flails
  2155 | D:3      | Noticed pisswolf's ghost (amateur MiGl)
  2850 | D:3      | Gained mutation: When seriously injured, your bleeding wounds create thick armour. (AC +12) [demonic ancestry]
  2850 | D:3      | Reached XP level 4. HP: 26/33 MP: 4/4
  2937 | D:3      | Found a hazy altar of Hepliaklqana.
  2945 | D:3      | Became a worshipper of Hepliaklqana
  3017 | D:4      | Found a sparkling altar of Nemelex Xobeh.
  3069 | D:4      | Noticed a phantom
  3162 | D:4      | Found a sand-covered staircase.
  3167 | Ossuary  | Entered an ossuary
  3265 | Ossuary  | Reached skill level 5 in Maces & Flails
  3269 | Ossuary  | Gained mutation: You sometimes gain a little power by taking damage. [demonic ancestry]
  3269 | Ossuary  | Reached XP level 5. HP: 25/38 MP: 5/5
  3833 | D:4      | Reached * piety under Hepliaklqana
  4181 | D:4      | Found a bloodstained altar of Trog.
  4369 | D:4      | Killed a phantom
  4369 | D:4      | Reached skill level 6 in Maces & Flails
  4369 | D:4      | Gained mutation: You have hoof-like feet. [demonic ancestry]
  4369 | D:4      | Reached XP level 6. HP: 36/44 MP: 6/6
  4485 | D:5      | Entered Level 5 of the Dungeon
  4601 | D:5      | Gained mutation: Your mind is acute. (Int +2) [potion of mutation]
  4601 | D:5      | Gained mutation: You tend to lose your temper in combat. [potion of mutation]
  4725 | D:5      | Reached skill level 7 in Maces & Flails
  4865 | D:5      | Noticed an ice beast
  4878 | D:5      | Killed an ice beast
  4878 | D:5      | Reached XP level 7. HP: 23/50 MP: 7/7
  5063 | D:5      | Noticed Blork the orc
  5074 | D:5      | Killed Blork the orc
  5186 | D:5      | Reached skill level 8 in Maces & Flails
  5368 | D:5      | Reached ** piety under Hepliaklqana
  5369 | D:5      | Remembered your ancestor Eadwine as a hexer
  5431 | D:5      | Found a white marble altar of Elyvilon.
  5475 | D:6      | Gained mutation: When seriously injured, your bleeding wounds create very thick armour. (AC +12) [demonic ancestry]
  5475 | D:6      | Reached XP level 8. HP: 36/56 MP: 8/8
  5475 | D:6      | Reached skill level 9 in Maces & Flails
  5589 | D:6      | Found Ysaby's Distillery.
  5591 | D:6      | Found a shattered altar of Ashenzari.
  5601 | D:6      | Bought a potion of might for 60 gold pieces
  5601 | D:6      | Bought a potion of heal wounds for 75 gold pieces
  5601 | D:6      | Bought a potion of curing for 45 gold pieces
  5850 | D:6      | Reached skill level 10 in Maces & Flails
  6527 | D:7      | Found a staircase to the Ecumenical Temple.
  6650 | D:7      | Reached skill level 11 in Maces & Flails
  6650 | D:7      | Reached XP level 9. HP: 25/61 MP: 9/9
  7174 | D:8      | Found a blossoming altar of Fedhas.
  7295 | D:8      | Noticed Maurice
  7326 | D:8      | Killed Maurice
  7345 | D:8      | Noticed Erica
  7378 | D:8      | Killed Erica
  7378 | D:8      | Reached skill level 12 in Maces & Flails
  7672 | D:8      | Got a distressingly furry helmet
  7686 | D:8      | Identified the +0 helmet of Agoraphobia {rPois MR- Str-4 SInv} (You found it on level 8 of the Dungeon)
  7733 | D:8      | Found a burning altar of Makhleb.
  7772 | D:8      | Reached *** piety under Hepliaklqana
  7797 | D:8      | Reached skill level 13 in Maces & Flails
  7809 | D:8      | Reached XP level 10. HP: 52/67 MP: 10/10
  7866 | D:8      | Found an opulent altar of Gozag.
  8256 | D:8      | Found an iron altar of Okawaru.
  8870 | D:9      | Gained mutation: You have supernaturally acute eyesight. (SInv) [mutagenic meat]
  9035 | D:9      | Got a pitted golden ring
  9121 | D:10     | Entered Level 10 of the Dungeon
  9122 | D:10     | Noticed Fannar
  9133 | D:9      | Identified the ring of Zeust {rElec rPois} (You found it on level 9 of the Dungeon)
  9178 | D:10     | Noticed a hill giant
  9621 | D:10     | HP: 1/67 [Fannar/Ozocubu's Refrigeration (8)]
  9640 | D:10     | Reached skill level 14 in Maces & Flails
  9660 | D:10     | Slain by a hill giant

Vault maps used:
D:1:      eino_arrival_water_star, serial_forest, infiniplex_forest_straight_3,
          infiniplex_forest_lined_2, infiniplex_forest_lined_ring,
          infiniplex_forest_lined_room_2, infiniplex_forest_end_1,
          infiniplex_forest_end_1, infiniplex_forest_clump_diagonal,
          infiniplex_forest_clump_curved, infiniplex_forest_straight_3,
          infiniplex_forest_end_1
D:2:      first_bread
D:3:      lemuel_round_altar, hangedman_decor_push
D:4:      nemelex_xobeh_ov_fountains_minmay, enter_ossuary_2, trog_book
D:5:      kennysheep_mini_moat, uniq_blork_the_orc
D:6:      lemuel_upstairs_altar, cheibrodos_ashenzari_chains, serial_shops,
          shop, interstate_on_off
D:7:      minmay_temple_entry_trees
D:8:      makhleb_grotto_becter, grunt_gozag_statues, okawaru_altar_gauntlet_db,
          hangedman_pestilent_swarm, fedhas_altar_3, uniq_maurice, uniq_erica
D:10:     enter_bailey_3, minmay_misc_feat_square, xom_teletrap_fun,
          uniq_harold, uniq_fannar
Ossuary:  ossuary_tomb_3

Skill      XL: |  1  2  3  4  5  6  7  8  9 10 |
---------------+-------------------------------+-----
Maces & Flails | 3 4 5 6 7 8 11 13 14 | 14.0
Fighting       | |  2.0
Throwing       | |  1.7
Dodging        | |  2.6

Action                   |  1- 3 |  4- 6 |  7- 9 | 10-12 || total
-------------------------+-------+-------+-------+-------++-------
Melee: Flail             |   123 |   153 |   363 |   228 ||   867
Invok: Ancestor Life: He |       |       |     1 |       ||     1
       Recall Ancestor   |       |       |       |     4 ||     4
  Use: Scroll            |     4 |     8 |     4 |     3 ||    19
       Potion            |       |     8 |     4 |     5 ||    17
 Stab: Distracted        |       |     1 |     3 |       ||     4
       Confused          |       |       |     3 |     2 ||     5
  Eat: Bread ration      |     1 |       |       |       ||     1
       Chunk             |     1 |     3 |    11 |     5 ||    20
       Fruit             |     1 |     4 |     1 |       ||     6
       Beef jerky        |       |       |       |     3 ||     3
Armor: Chain mail        |    97 |    74 |   222 |   118 ||   511
       Leather armour    |     1 |       |       |       ||     1
Dodge: Dodged            |    46 |    39 |   118 |    56 ||   259
